MLB
SAN DIEGO PADRES @ ATLANTA BRAVES
10/12/2078
 
TOP OF THE 1ST
San Diego Padres batting - Pitching for Atlanta Braves : RHP Will Hunter
Pitching: RHP Will Hunter
Batting: LHB Nate Sadler 0-0: Ball
1-0: Foul Ball, location: 2F
1-1: Foul Ball, location: 2F
1-2: Ball
2-2: Foul Ball, location: 2F
2-2: Fly out, F8 (Line Drive, 8RM, EV 110.6 MPH)
Batting: RHB Francisco Vielma 0-0: Called Strike
0-1: Ball
1-1: Ball
2-1: Foul Ball, location: 2F
2-2: Ball
3-2: Foul Ball, location: 2F
3-2: Fly out, F8 (Flyball, 8RM, EV 90.0 MPH)
Batting: RHB Tony Esquivel 0-0: Called Strike
0-1: Ball
1-1: Ball
2-1: Called Strike
2-2: Strikes out swinging
Top of the 1st over - 0 runs, 0 hits, 0 errors, 0 left on base; San Diego 0 - Atlanta 0
BOTTOM OF THE 1ST
Atlanta Braves batting - Pitching for San Diego Padres : RHP Penn Bladel
Pitching: RHP Penn Bladel
Batting: RHB Ted Abraham 0-0: Foul Ball, location: 2F
0-1: Ball
1-1: Fly out, F8 (Flyball, 8LM, EV 78.1 MPH)
Batting: SHB Keith Faulkner 0-0: Foul Ball, location: 2F
0-1: Foul Ball, location: 2F
0-2: Ball
1-2: Foul Ball, location: 2F
1-2: DOUBLE (Groundball, 3L, EV 100.6 MPH)
Batting: LHB Josh Baudoin 0-0: Ball
1-0: Called Strike
1-1: Ball
2-1: DOUBLE (Line Drive, 89XD, EV 100.0 MPH)
Keith Faulkner scores
Batting: RHB John Esposto 0-0: Ball
1-0: Fly out, F7 (Flyball, 7D, EV 101.9 MPH)
Runner from 2nd tags up, SAFE at 3rd, no throw by LF
Batting: LHB Tom Phillips 0-0: Called Strike
0-1: Fly out, F8 (Line Drive, 8RM, EV 100.0 MPH)
Bottom of the 1st over - 1 run, 2 hits, 0 errors, 1 left on base; San Diego 0 - Atlanta 1
TOP OF THE 2ND
San Diego Padres batting - Pitching for Atlanta Braves : RHP Will Hunter
Batting: RHB Tim Vogel 0-0: Called Strike
0-1: Called Strike
0-2: Ball
1-2: Ball
2-2: Strikes out swinging
Batting: LHB Micah Ayotte 0-0: Swinging Strike
0-1: Ball
1-1: Fly out, F8 (Flyball, 8LM, EV 93.8 MPH)
Batting: LHB Sang-min Kim 0-0: Fly out, F8 (Flyball, 8RD, EV 108.8 MPH)
Top of the 2nd over - 0 runs, 0 hits, 0 errors, 0 left on base; San Diego 0 - Atlanta 1
BOTTOM OF THE 2ND
Atlanta Braves batting - Pitching for San Diego Padres : RHP Penn Bladel
Batting: RHB Mike Thomas 0-0: Foul Ball, location: 2F
0-1: SINGLE (Line Drive, 7LM, EV 105.0 MPH)
Batting: LHB Blake Austin 0-0: Ball
1-0: Ball
2-0: Swinging Strike
2-1: DOUBLE (Line Drive, 7LS, EV 109.4 MPH)
Mike Thomas to third
Batting: RHB Greg Knight 0-0: SINGLE (Groundball, 3D, EV 99.4 MPH)
Mike Thomas scores
Blake Austin to third
Runner from 3rd tries for Home, throw by RF and OUT! 9-2
Greg Knight to second
Batting: RHB Josh White 0-0: Called Strike
0-1: Ground out 6-3 (Groundball, 6, EV 91.9 MPH)
Greg Knight to third
Batting: RHB Ted Abraham 0-0: Swinging Strike
0-1: Swinging Strike
0-2: Ball
1-2: Strikes out swinging
Bottom of the 2nd over - 1 run, 3 hits, 0 errors, 1 left on base; San Diego 0 - Atlanta 2
TOP OF THE 3RD
San Diego Padres batting - Pitching for Atlanta Braves : RHP Will Hunter
Batting: RHB Manny Sepulveda 0-0: Called Strike
0-1: Ball
1-1: Fly out, F8 (Flyball, 78S, EV 88.1 MPH)
Batting: RHB Ajani Dunn 0-0: Called Strike
0-1: Ball
1-1: Swinging Strike
1-2: Strikes out swinging
Batting: RHB Ray Cunningham 0-0: Called Strike
0-1: Ball
1-1: Ball
2-1: Foul Ball, location: 2F
2-2: Strikes out swinging
Top of the 3rd over - 0 runs, 0 hits, 0 errors, 0 left on base; San Diego 0 - Atlanta 2
BOTTOM OF THE 3RD
Atlanta Braves batting - Pitching for San Diego Padres : RHP Penn Bladel
Batting: SHB Keith Faulkner 0-0: Foul Ball, location: 2F
0-1: Ball
1-1: Ball
2-1: Swinging Strike
2-2: SINGLE (Groundball, 4MD, EV 105.0 MPH)
Batting: LHB Josh Baudoin 0-0: Ball
1-0: Called Strike
1-1: Called Strike
1-2: Strikes out looking
Batting: RHB John Esposto 0-0: Ball
1-0: Ball
2-0: Called Strike
2-1: Fly out, F8 (Flyball, 89D, EV 94.4 MPH)
Batting: LHB Tom Phillips 0-0: Ball
1-0: Ground out 1-3 (Groundball, 34S, EV 67.5 MPH)
Bottom of the 3rd over - 0 runs, 1 hit, 0 errors, 1 left on base; San Diego 0 - Atlanta 2
TOP OF THE 4TH
San Diego Padres batting - Pitching for Atlanta Braves : RHP Will Hunter
Batting: LHB Nate Sadler 0-0: Ball
1-0: Ball
2-0: Called Strike
2-1: Foul Ball, location: 2F
2-2: Strikes out swinging
Batting: RHB Francisco Vielma 0-0: Ball
1-0: Ball
2-0: Called Strike
2-1: SINGLE (Flyball, 89S, EV 84.4 MPH)
Batting: RHB Tony Esquivel 0-0: Swinging Strike
0-1: Foul Ball, location: 2F
0-2: Fly out, F9 (Flyball, 9, EV 85.6 MPH)
Batting: RHB Tim Vogel 0-0: Ball
1-0: Ball
2-0: Foul Ball, location: 2F
2-1: Ball
3-1: Base on Balls
Francisco Vielma to second
Batting: LHB Micah Ayotte 0-0: Swinging Strike
0-1: Ball
1-1: Ball
2-1: Fly out, F4 (Popup, 23, EV 85.6 MPH)
Top of the 4th over - 0 runs, 1 hit, 0 errors, 2 left on base; San Diego 0 - Atlanta 2
BOTTOM OF THE 4TH
Atlanta Braves batting - Pitching for San Diego Padres : RHP Penn Bladel
Batting: RHB Mike Thomas 0-0: Called Strike
0-1: Swinging Strike
0-2: Ball
1-2: Strikes out swinging
Batting: LHB Blake Austin 0-0: Called Strike
0-1: Ball
1-1: Called Strike
1-2: Strikes out looking
Batting: RHB Greg Knight 0-0: Swinging Strike
0-1: Swinging Strike
0-2: Strikes out looking
Bottom of the 4th over - 0 runs, 0 hits, 0 errors, 0 left on base; San Diego 0 - Atlanta 2
TOP OF THE 5TH
San Diego Padres batting - Pitching for Atlanta Braves : RHP Will Hunter
Batting: LHB Sang-min Kim 0-0: Ball
1-0: Swinging Strike
1-1: Foul Ball, location: 2F
1-2: Ball
2-2: Ground out 4-3 (Groundball, 34, EV 103.1 MPH)
Batting: RHB Manny Sepulveda 0-0: Ball
1-0: Fly out, F8 (Flyball, 8LXD, EV 99.4 MPH)
Batting: RHB Ajani Dunn 0-0: Ball
1-0: Ball
2-0: Ball
3-0: Called Strike
3-1: Base on Balls
Batting: RHB Ray Cunningham 0-0: Ball
1-0: Swinging Strike
1-1: Ball
2-1: Foul Ball, location: 2F
2-2: Strikes out swinging, 2-3 out at first.
Top of the 5th over - 0 runs, 0 hits, 0 errors, 1 left on base; San Diego 0 - Atlanta 2
BOTTOM OF THE 5TH
Atlanta Braves batting - Pitching for San Diego Padres : RHP Penn Bladel
Batting: RHB Josh White 0-0: Ball
1-0: DOUBLE (Line Drive, 78D, EV 114.4 MPH)
Batting: RHB Ted Abraham 0-0: Ball
1-0: Called Strike
1-1: SINGLE (Line Drive, 89S, EV 90.6 MPH)
Josh White to third
Runner from 3rd tries for Home, SAFE, throw by RF to home
Ted Abraham to second
Batting: SHB Keith Faulkner 0-0: Foul Ball, location: 2F
0-1: Swinging Strike
0-2: Ball
1-2: Fly out, F8 (Flyball, 8LD, EV 97.5 MPH)
Runner from 2nd tags up, OUT at 3rd! 8-5
Batting: LHB Josh Baudoin 0-0: Ball
1-0: Ball
2-0: Called Strike
2-1: Foul Ball, location: 2F
2-2: Ball
3-2: SINGLE (Groundball, 56D, EV 106.2 MPH)
Batting: RHB John Esposto 0-0: SINGLE (Line Drive, 8RS, EV 95.6 MPH)
Josh Baudoin to second
Runner from 2nd tries for 3rd, OUT after rundown.
Bottom of the 5th over - 1 run, 4 hits, 0 errors, 1 left on base; San Diego 0 - Atlanta 3
TOP OF THE 6TH
San Diego Padres batting - Pitching for Atlanta Braves : RHP Will Hunter
Batting: LHB Nate Sadler 0-0: Fly out, F9 (Flyball, 9LS, EV 85.6 MPH)
Batting: RHB Francisco Vielma 0-0: Called Strike
0-1: SINGLE (Flyball, 89S, EV 91.2 MPH)
Batting: RHB Tony Esquivel 0-0: SINGLE (Line Drive, 4D, EV 96.2 MPH)
Francisco Vielma to second
Runner from 2nd tries for 3rd, SAFE, throw by RF made to third
Batting: RHB Tim Vogel 0-0: Ball
1-0: Swinging Strike
1-1: SINGLE (Flyball, 8LS, EV 98.1 MPH)
Francisco Vielma scores
Tony Esquivel to second
Batting: LHB Micah Ayotte 0-0: Ball
1-0: Called Strike
1-1: Ball
2-1: Ball
3-1: Fly out, F8 (Flyball, 8LM, EV 83.1 MPH)
Batting: LHB Sang-min Kim 0-0: Foul Ball, location: 2F
0-1: Called Strike
0-2: Ball
1-2: Foul Ball, location: 2F
1-2: DOUBLE (Line Drive, 9LS, EV 101.2 MPH)
Tony Esquivel scores
Tim Vogel to third
Runner from 3rd tries for Home, SAFE, no throw by RF
Batting: RHB Manny Sepulveda 0-0: Called Strike
0-1: Ball
1-1: Foul Ball, location: 2F
1-2: Fly out, F8 (Line Drive, 8RM, EV 101.2 MPH)
Top of the 6th over - 3 runs, 4 hits, 0 errors, 1 left on base; San Diego 3 - Atlanta 3
BOTTOM OF THE 6TH
Atlanta Braves batting - Pitching for San Diego Padres : RHP Penn Bladel
Batting: LHB Tom Phillips 0-0: Called Strike
0-1: Ball
1-1: Ball
2-1: SINGLE (Groundball, 34D, EV 100.6 MPH)
Batting: RHB Mike Thomas 0-0: Sac Bunt to 5S - play at first, batter OUT! 5-3
Tom Phillips to second
Batting: LHB Blake Austin 0-0: Swinging Strike
0-1: Foul Ball, location: 2F
0-2: Ball
1-2: Strikes out swinging
Batting: RHB Greg Knight 0-0: Called Strike
0-1: Ground out 1-3 (Groundball, 13S, EV 66.9 MPH)
Bottom of the 6th over - 0 runs, 1 hit, 0 errors, 1 left on base; San Diego 3 - Atlanta 3
TOP OF THE 7TH
San Diego Padres batting - Pitching for Atlanta Braves : RHP Will Hunter
Pitching: RHP Jeremy Stroud
Batting: RHB Ajani Dunn 0-0: Foul Ball, location: 2F
0-1: Ball
1-1: Called Strike
1-2: Strikes out looking
Batting: RHB Ray Cunningham 0-0: Ball
1-0: Foul Ball, location: 2F
1-1: Ball
2-1: Called Strike
2-2: Ball
3-2: Ground out 6-3 (Groundball, 6, EV 80.0 MPH)
Batting: LHB Nate Sadler 0-0: Ball
1-0: Ball
2-0: Ball
3-0: Called Strike
3-1: Called Strike
3-2: Fly out, F7 (Flyball, 7LM, EV 79.4 MPH)
Top of the 7th over - 0 runs, 0 hits, 0 errors, 0 left on base; San Diego 3 - Atlanta 3
BOTTOM OF THE 7TH
Atlanta Braves batting - Pitching for San Diego Padres : RHP Penn Bladel
Pitching: RHP Todd Aschenbrenner
Batting: RHB Josh White 0-0: Called Strike
0-1: Ball
1-1: Ball
2-1: Ball
3-1: Called Strike
3-2: SINGLE (Line Drive, 78M, EV 91.9 MPH)
Batting: RHB Ted Abraham 0-0: Ball
1-0: Sac Bunt to 15 - play at first, batter OUT! 1-4
Josh White to second
Batting: SHB Keith Faulkner 0-0: Ball
1-0: Ball
2-0: Ball
3-0: Called Strike
3-1: Called Strike
3-2: Strikes out looking
Batting: LHB Josh Baudoin 0-0: Ball
1-0: Foul Ball, location: 2F
1-1: Ball
2-1: Ball
3-1: Base on Balls
Batting: RHB John Esposto 0-0: Called Strike
0-1: Called Strike
0-2: Fly out, F7 (Line Drive, 7, EV 91.2 MPH)
Bottom of the 7th over - 0 runs, 1 hit, 0 errors, 2 left on base; San Diego 3 - Atlanta 3
TOP OF THE 8TH
San Diego Padres batting - Pitching for Atlanta Braves : RHP Jeremy Stroud
Batting: RHB Francisco Vielma 0-0: Fly out, F9 (Flyball, 89M, EV 85.6 MPH)
Batting: RHB Tony Esquivel 0-0: Called Strike
0-1: Ball
1-1: Fly out, F8 (Flyball, 78XD, EV 100.6 MPH)
Batting: RHB Tim Vogel 0-0: Ground out 5-3 (Groundball, 5L, EV 100.6 MPH)
Top of the 8th over - 0 runs, 0 hits, 0 errors, 0 left on base; San Diego 3 - Atlanta 3
BOTTOM OF THE 8TH
Atlanta Braves batting - Pitching for San Diego Padres : RHP Todd Aschenbrenner
Batting: LHB Tom Phillips 0-0: Foul Ball, location: 2F
0-1: Ball
1-1: Swinging Strike
1-2: Fly out, F7 (Flyball, 7, EV 96.2 MPH)
Batting: RHB Mike Thomas 0-0: Foul Ball, location: 2F
0-1: Ball
1-1: Ball
2-1: Ground out U3 (Groundball, 3, EV 105.6 MPH)
Batting: LHB Blake Austin 0-0: Swinging Strike
0-1: Ball
1-1: Called Strike
1-2: Ball
2-2: Ball
3-2: Strikes out swinging
Bottom of the 8th over - 0 runs, 0 hits, 0 errors, 0 left on base; San Diego 3 - Atlanta 3
TOP OF THE 9TH
San Diego Padres batting - Pitching for Atlanta Braves : RHP Jeremy Stroud
Batting: LHB Micah Ayotte 0-0: Called Strike
0-1: Called Strike
0-2: Ball
1-2: Strikes out looking
Pitching: LHP Justin Aufiero
Pinch Hitting: RHB Lee Tasso 0-0: Swinging Strike
0-1: Swinging Strike
0-2: Ball
1-2: Strikes out swinging
Batting: RHB Manny Sepulveda 0-0: Foul Ball, location: 2F
0-1: Swinging Strike
0-2: Strikes out swinging
Top of the 9th over - 0 runs, 0 hits, 0 errors, 0 left on base; San Diego 3 - Atlanta 3
BOTTOM OF THE 9TH
Atlanta Braves batting - Pitching for San Diego Padres : RHP Todd Aschenbrenner
Now in CF: DeAndre McKee
Batting: RHB Greg Knight 0-0: Called Strike
0-1: Ball
1-1: Foul Ball, location: 2F
1-2: SINGLE (Groundball, 6MD, EV 106.2 MPH)
Batting: RHB Josh White 0-0: Ball
1-0: Swinging Strike
1-1: Ball
2-1: Grounds into double play, 4-6-3 (Groundball, 4, EV 105.6 MPH)
Pitching: LHP Andy Lundgren
Batting: RHB Ted Abraham 0-0: Called Strike
0-1: Foul Ball, location: 2F
0-2: Ball
1-2: Strikes out swinging
Bottom of the 9th over - 0 runs, 1 hit, 0 errors, 0 left on base; San Diego 3 - Atlanta 3
TOP OF THE 10TH
San Diego Padres batting - Pitching for Atlanta Braves : LHP Justin Aufiero
Batting: RHB Ajani Dunn 0-0: Called Strike
0-1: Foul Ball, location: 2F
0-2: Ball
1-2: Ball
2-2: Ball
3-2: Strikes out swinging
Batting: RHB Ray Cunningham 0-0: Called Strike
0-1: Ball
1-1: Ball
2-1: Foul Ball, location: 2F
2-2: Ball
3-2: Strikes out looking
Pinch Hitting: RHB Tony Godoy 0-0: SINGLE (Groundball, 34D, EV 103.8 MPH)
Batting: RHB Francisco Vielma 0-0: SINGLE (Line Drive, 9S, EV 109.4 MPH)
Tony Godoy to second
Batting: RHB Tony Esquivel 0-0: Called Strike
0-1: Called Strike
0-2: Ball
1-2: Ball
2-2: Fly out, F6 (Line Drive, 6, EV 65.0 MPH)
Top of the 10th over - 0 runs, 2 hits, 0 errors, 2 left on base; San Diego 3 - Atlanta 3
BOTTOM OF THE 10TH
Atlanta Braves batting - Pitching for San Diego Padres : LHP Andy Lundgren
Now at 2B: Tony Godoy
Batting: SHB Keith Faulkner 0-0: Called Strike
0-1: Reached on error, E6 (Groundball, 6, EV 79.4 MPH)
Batting: LHB Josh Baudoin 0-0: Foul Ball, location: 2F
0-1: Called Strike
0-2: Strikes out swinging
Batting: RHB John Esposto 0-0: Called Strike
0-1: Ball
1-1: Foul Ball, location: 2F
1-2: Grounds into double play, 6-4-3 (Groundball, 56D, EV 77.5 MPH)
Bottom of the 10th over - 0 runs, 0 hits, 1 error, 0 left on base; San Diego 3 - Atlanta 3
TOP OF THE 11TH
San Diego Padres batting - Pitching for Atlanta Braves : LHP Justin Aufiero
Pitching: RHP Manny Ramirez
Batting: RHB Tim Vogel 0-0: SINGLE (Groundball, 6MD, EV 98.8 MPH)
Batting: LHB Micah Ayotte 0-0: Foul Ball, location: 2F
0-1: Ball
Wild Pitch!
Tim Vogel to second
1-1: Intentional Walk
Batting: RHB DeAndre McKee 0-0: Ground out 5-3 (Groundball, 56S, EV 86.2 MPH)
Tim Vogel to third
Micah Ayotte to second
Batting: RHB Manny Sepulveda 0-0: Called Strike
0-1: Ball
1-1: Foul Ball, location: 2F
1-2: Foul Ball, location: 2F
1-2: Ball
2-2: Ball
3-2: DOUBLE (Flyball, 5D, EV 86.9 MPH)
Tim Vogel scores
Micah Ayotte scores
Pinch Hitting: LHB Jeremy Workman 0-0: Ball
1-0: Called Strike
1-1: Ball
2-1: Swinging Strike
2-2: Foul Ball, location: 2F
2-2: Foul Ball, location: 2F
2-2: Strikes out swinging
Pitching: RHP Mike Vasquez
Batting: RHB Ray Cunningham 0-0: Ball
1-0: Ball
2-0: Fly out, F8 (Flyball, 8RM, EV 79.4 MPH)
Top of the 11th over - 2 runs, 2 hits, 0 errors, 1 left on base; San Diego 5 - Atlanta 3
BOTTOM OF THE 11TH
Atlanta Braves batting - Pitching for San Diego Padres : LHP Andy Lundgren
Now at C: Jorge Cardo
Pinch Hitting: RHB Benny LaLonde 0-0: Ball
1-0: Ground out 5-3 (Groundball, 56S, EV 66.9 MPH)
Batting: RHB Mike Thomas 0-0: Ball
1-0: Called Strike
1-1: Foul Ball, location: 2F
1-2: Ball
2-2: Strikes out swinging
Pinch Hitting: RHB Pedro Nonez 0-0: Swinging Strike
0-1: Ball
1-1: Swinging Strike
1-2: Foul Ball, location: 2F
1-2: Ground out 3-1 (Groundball, 34, EV 82.5 MPH)
Bottom of the 11th over - 0 runs, 0 hits, 0 errors, 0 left on base; San Diego 5 - Atlanta 3
Monday, May 23rd , 2022 - OOTP Baseball 22.12 Build 89